 Dungeon Crawl Stone Soup version 0.21.0 (webtiles) character file.

159313 Lanoc the Eclecticist (level 17, -6/80 HPs)
             Began as a Deep Elf Fire Elementalist on Jan 7, 2018.
             Was the Champion of Sif Muna.
             Shot with an arrow by Vashnia (28 damage)
             ... on level 2 of the Snake Pit on Jan 8, 2018.
             The game lasted 03:47:20 (42016 turns).

Lanoc the Eclecticist (Deep Elf Fire Elementalist) Turns: 42016, Time: 03:47:22

Health: -6/80      AC: 13    Str:  1    XL:     17   Next: 16%
Magic:  13/42      EV: 16    Int: 40    God:    Sif Muna [******]
Gold:   3110       SH:  0    Dex: 20    Spells: 8/54 levels left

rFire    x . .     SeeInvis .   r - staff of cold
rCold    + + .     Gourm    .   (no shield)
rNeg     . . .     Faith    .   s - +1 leather armour of Courage {Int+8 Slay+2}
rPois    .         Spirit   .   y - +2 helmet
rElec    .         Reflect  .   f - +1 cloak "Loilolev" {Regen+ Str-4 Dex+5}
rCorr    .         Harm     .   a - +3 pair of gauntlets of War {Slay+5}
MR       +....                  (no boots)
Stlth    ++........             p - amulet of regeneration
HPRegen  1.03/turn              O - ring of wizardry
MPRegen  0.28/turn              G - ring "Guetzurph" {Ice Int+4}

@: no status effects
A: no striking features
a: Divine Energy, Channel Magic, Forget Spell, Renounce Religion


You were on level 2 of the Snake Pit.
You worshipped Sif Muna.
Sif Muna was exalted by your worship.
You were not hungry.

You visited 6 branches of the dungeon, and saw 27 of its levels.
You visited the Abyss 1 time.
You also visited: Sewer, Bailey, Ice Cave and Volcano.

You collected 3613 gold pieces.
You spent 503 gold pieces at shops.

Inventory:

Armour
 a - the +3 pair of gauntlets of War (worn) {Slay+5}
   (You acquired it on level 9 of the Dungeon)

   It affects your accuracy and damage with ranged weapons and melee attacks
   (+5).
 f - the +1 cloak "Loilolev" (worn) {Regen+ Str-4 Dex+5}
   (You acquired it on level 3 of the Lair of Beasts)

   It affects your strength (-4).
   It affects your dexterity (+5).
   It increases your rate of regeneration.
 s - the +1 leather armour of Courage (worn) {Int+8 Slay+2}
   (You found it on level 4 of the Dungeon)

   It affects your intelligence (+8).
   It affects your accuracy and damage with ranged weapons and melee attacks
   (+2).
 y - a +2 helmet (worn)
 M - the +1 ring mail of Kopsa {rF- MR+++ rCorr Stlth+}
   (You found it in an ice cave)

   It makes you vulnerable to fire.
   It affects your resistance to hostile enchantments.
   It protects you from acid and corrosion.
   It makes you more stealthy.
Magical Staves
 r - an uncursed staff of cold (weapon)
 v - an uncursed staff of air
Jewellery
 p - an amulet of regeneration (around neck)
 G - the ring "Guetzurph" (right hand) {Ice Int+4}
   (You found it on level 7 of the Dungeon)

   [ring of ice]

   It enhances your ice magic.
   It affects your intelligence (+4).
   It makes you vulnerable to fire.
   It protects you from cold.
 I - an uncursed ring of magical power
 O - a ring of wizardry (left hand)
Wands
 j - a wand of disintegration (14)
 n - a wand of iceblast (70)
 B - a wand of flame (49)
 D - a wand of clouds (8)
 F - a wand of paralysis (23)
 L - a wand of scattershot (7)
 R - a wand of acid (19)
 T - a wand of polymorph (66)
 V - a wand of enslavement (19)
Scrolls
 e - 9 scrolls of teleportation
 i - 3 scrolls of fear
 q - 20 scrolls of remove curse
 t - 4 scrolls of blinking
 A - 2 scrolls of magic mapping
 H - 2 scrolls of fog
 Q - a scroll of brand weapon
 S - a scroll of identify
 W - 3 scrolls of enchant armour
Potions
 d - 2 potions of brilliance
 g - 5 potions of cancellation
 h - a potion of magic
 k - 2 potions of agility
 m - 5 potions of flight
 o - 7 potions of might
 w - 2 potions of mutation
 z - 17 potions of curing
 E - 3 potions of haste
 N - a potion of heal wounds
Books
 l - Boarupaa's Handbook of the Rocks and the Snowflakes
   (Sif Muna gifted it to you on level 6 of the Lair of Beasts)

   Spells                             Type                      Level
   a - Ensorcelled Hibernation        Hexes/Ice                    2
   b - Ice Form                       Ice/Transmutation            4
   c - Summon Ice Beast               Ice/Summoning                4
   d - Bolt of Magma                  Conjuration/Fire/Earth       5
   e - Freezing Cloud                 Conjuration/Ice/Air          6
   f - Glaciate                       Conjuration/Ice              9
 u - a book of Party Tricks

   Spells                             Type                      Level
   a - Summon Butterflies             Summoning                    1
   b - Apportation                    Translocation                1
   c - Lesser Beckoning               Translocation                3
   d - Tukima's Dance                 Hexes                        3
   e - Alistair's Intoxication        Transmutation/Poison         5
   f - Invisibility                   Hexes                        6
 x - Sif Muna's Grimoire of Cloudy Confrontation
   (Sif Muna gifted it to you on level 3 of the Lair of Beasts)

   Spells                             Type                      Level
   a - Shock                          Conjuration/Air              1
   b - Throw Flame                    Conjuration/Fire             2
   c - Fulminant Prism                Conjuration/Hexes            4
   d - Sticky Flame                   Conjuration/Fire             4
   e - Deflect Missiles               Charms/Air                   6
   f - Spellforged Servitor           Conjuration/Summoning        7
   g - Lehudib's Crystal Spear        Conjuration/Earth            8
 C - Sif Muna's Compendium of the Blaze and Talismans
   (Sif Muna gifted it to you on level 1 of the Snake Pit)

   Spells                             Type                      Level
   a - Flame Tongue                   Conjuration/Fire             1
   b - Throw Flame                    Conjuration/Fire             2
   c - Excruciating Wounds            Charms/Necromancy            5
   d - Ring of Flames                 Charms/Fire                  7
   e - Fire Storm                     Conjuration/Fire             9
 J - a book of the Earth

   Spells                             Type                      Level
   a - Leda's Liquefaction            Hexes/Earth                  4
   b - Bolt of Magma                  Conjuration/Fire/Earth       5
   c - Statue Form                    Transmutation/Earth          6
   d - Iron Shot                      Conjuration/Earth            6
   e - Shatter                        Earth                        9
 K - a book of the Tempests

   Spells                             Type                      Level
   a - Static Discharge               Conjuration/Air              3
   b - Lightning Bolt                 Conjuration/Air              5
   c - Ignition                       Fire                         8
   d - Tornado                        Air                          9
   e - Shatter                        Earth                        9
 U - Sif Muna's Grimoire of Battle Magic
   (Sif Muna gifted it to you on level 12 of the Dungeon)

   Spells                             Type                      Level
   a - Iskenderun's Mystic Blast      Conjuration                  4
   b - Iskenderun's Battlesphere      Conjuration/Charms           5
   c - Lightning Bolt                 Conjuration/Air              5
   d - Poison Arrow                   Conjuration/Poison           6
   e - Iron Shot                      Conjuration/Earth            6
   f - Chain Lightning                Conjuration/Air              8
 X - the Handbook of Flames and Poison
   (You found it on level 14 of the Dungeon)

   Spells                             Type                      Level
   a - Sting                          Conjuration/Poison           1
   b - Inner Flame                    Hexes/Fire                   3
   c - Olgreb's Toxic Radiance        Poison                       4
   d - Fireball                       Conjuration/Fire             5
   e - Ring of Flames                 Charms/Fire                  7
Miscellaneous
 b - a crystal ball of energy
 Y - a box of beasts
 Z - a fan of gales
Comestibles
 c - 47 rations


   Skills:
 + Level 14.6 Dodging
 - Level 2.4 Stealth
 + Level 19.2 Spellcasting
 + Level 16.4 Conjurations
 + Level 15.0 Fire Magic
 + Level 10.3 Ice Magic
 + Level 10.2 Invocations


You had 8 spell levels left.
You knew the following spells:

 Your Spells              Type           Power        Failure   Level  Hunger
b - Sticky Flame          Conj/Fire      ########     1%          4    None
c - Fireball              Conj/Fire      ########..   1%          5    None
d - Inner Flame           Hex/Fire       #######.     1%          3    None
e - Summon Butterflies    Summ           #####...     1%          1    None
f - Bolt of Magma         Conj/Fire/Erth #######...   1%          5    None
g - Bolt of Fire          Conj/Fire      ########..   1%          6    None
h - Orb of Destruction    Conj           ########..   1%          7    None
i - Freezing Cloud        Conj/Ice/Air   ########..   3%          6    None
j - Animate Skeleton      Necr           N/A          1%          1    None
k - Ignition              Fire           ########..   11%         8    ###....


Dungeon Overview and Level Annotations

Branches:
Dungeon (15/15)            Temple (1/1) D:4            Lair (6/6) D:8
 Shoals (0/4) Lair:2        Snake (2/4) Lair:4        Slime (0/5) Lair:6
    Orc (2/2) D:12            Elf (1/3) Orc:2        Vaults (0/5) D:13
 Depths (0/5) D:15

Altars:
Ashenzari
Cheibriados
Dithmenos
Elyvilon
Fedhas
Gozag
Hepliaklqana
Kikubaaqudgha
Makhleb
Nemelex Xobeh
Okawaru
Qazlal
Ru
Sif Muna
Trog
Uskayaw
Vehumet
Wu Jian
Xom
Yredelemnul
Zin
The Shining One
Beogh

Shops:
D:11 ?   D:13 *   Orc:2 ??[:   Snake:1 =}=

Annotations:
D:4 letownia2's ghost, weakling GrFi
Snake:2 Vashnia


Message History

The bolt of fire hits the shock serpent.
You kill the shock serpent!
Sif Muna accepts your kill.
The air sparks with electricity, shocking you!
A naga sharpshooter and Vashnia come into view.
Vashnia is wielding a trident of pain.
Casting: Bolt of Fire
Confirm with . or Enter, or press ? or * to list all spells.
The air bursts into flame!
The fireball engulfs Vashnia.
Vashnia is lightly wounded.
The fireball engulfs the naga sharpshooter.
The naga sharpshooter is moderately wounded.
The naga sharpshooter unwields an uncursed mace.
The naga sharpshooter wields an uncursed arbalest.
The naga sharpshooter shoots a bolt.
The bolt hits you!!
* * * LOW HITPOINT WARNING * * *
Vashnia unwields an uncursed trident of pain.
Vashnia wields an uncursed glowing longbow.
It bursts into flame!
Vashnia shoots an arrow.
The arrow hits you!!
You die...

......)...##
.....).....###
...([........##
.............?.
...............
SN.....[.......
#....†.....[
#...@.......
#...........
#...........
#..).......)
#...[†......
#...).......
##..........
#..N...)..#


You could see Vashnia, a naga sharpshooter and a guardian serpent.

Vanquished Creatures
  Nikola (Elf:1)
  Agnes (Snake:1)
  A nagaraja (Snake:2)
  3 orc warlords
  A deep elf elementalist (Elf:1)
  A fire dragon (D:14)
  A rakshasa (D:15)
  Fannar (Lair:3)
  7 hydras
  3 catoblepae (Lair:6)
  4 naga warriors (Snake:1)
  5 centaur warriors
  15 two-headed ogres
  Erica (Lair:1)
  4 anacondas
  An ogre mage (D:12)
  7 death yaks (Lair:6)
  7 naga sharpshooters
  A death yak (shapeshifter) (D:15)
  5 orc high priests (Orc:2)
  A tengu warrior (D:15)
  5 shock serpents
  A deep elf knight (Elf:1)
  A hell knight (Volcano)
  Sonja (Lair:2)
  A skeletal warrior (D:14)
  A sea snake (shapeshifter) (D:15)
  2 sea snakes (Snake:1)
  A wizard (D:13)
  2 unseen horrors
  3 deep elf archers (Elf:1)
  A glowing orange brain (D:15)
  3 naga ritualists
  A harpy (shapeshifter) (D:14)
  An orb spider (shapeshifter) (D:14)
  A necromancer (IceCv)
  3 orc knights (Orc:2)
  6 mana vipers (Snake:1)
  3 orc sorcerers (Orc:2)
  16 deep elf magi
  4 manticores
  A wolf spider (D:15)
  17 ugly things
  5 oklob plants
  2 cyclopes
  2 centaur zombies
  A worldbinder (Abyss:3)
  25 black mambas
  A smoke demon (Volcano)
  An ice statue (IceCv)
  4 elephants (Lair:3)
  Psyche (D:10)
  3 naga magi
  2 guardian serpents (Snake:1)
  9 spiny frogs
  2 molten gargoyles (Volcano)
  2 gargoyles (D:14)
  2 torpor snails
  A kobold demonologist (D:13)
  8 komodo dragons
  A rime drake (Lair:3)
  10 freezing wraiths (IceCv)
  An efreet (D:15)
  2 polar bears
  12 slime creatures
  12 trolls
  12 blink frogs
  Grinder (D:6)
  A raiju (Abyss:3)
  6 dream sheep
  9 hippogriffs
  2 meliai zombies
  2 shadows
  A tarantella (shapeshifter) (D:15)
  A spriggan (Lair:4)
  A hog (shapeshifter) (D:14)
  2 fire bats (Volcano)
  2 vampires
  4 hogs (D:7)
  A human (D:7)
  4 wyverns
  A wraith (D:15)
  A basilisk (D:15)
  52 yaks
  Grum (Lair:1)
  A steam dragon (D:12)
  3 vampire mosquitoes (D:14)
  2 death yak simulacra (IceCv)
  3 hungry ghosts
  3 wargs (Orc:2)
  2 insubstantial wisps (D:12)
  12 nagas
  4 acid dragons
  2 soldier ants
  13 water moccasins
  3 hell hounds (Volcano)
  6 porcupines
  2 hornet zombies
  11 ice beasts
  3 eyes of draining
  A necrophage (D:11)
  45 orc warriors
  4 sky beasts (D:12)
  25 wolves
  An alligator simulacrum (IceCv)
  A black bear (shapeshifter) (D:15)
  9 ogres
  14 centaurs
  2 phantoms
  16 crocodiles
  3 big kobolds
  13 bullfrogs
  A wyvern zombie (D:9)
  7 gnoll sergeants (Bailey)
  A water moccasin skeleton (D:8)
  5 scorpions
  15 killer bees
  A troll zombie (D:12)
  An elephant simulacrum (IceCv)
  14 jellies
  23 wights
  5 howler monkeys
  4 electric eels
  5 draconian simulacra (IceCv)
  6 crimson imps
  5 lava snakes (Volcano)
  2 bullfrog zombies
  3 bullfrog skeletons
  12 hounds
  5 centaur skeletons
  A quasit (D:7)
  36 orc priests
  6 gnoll shamans (Bailey)
  4 iguanas
  13 worker ants
  19 orc wizards
  5 troll simulacra (IceCv)
  3 spriggan simulacra (IceCv)
  2 killer bee zombies
  7 ogre zombies (D:12)
  A centaur simulacrum (IceCv)
  A hound zombie (D:5)
  A worker ant zombie (D:5)
  14 gnolls (Bailey)
  A howler monkey skeleton (D:10)
  2 naga simulacra (IceCv)
  4 ogre simulacra (IceCv)
  12 adders
  A river rat (Sewer)
  5 shadow imps
  12 white imps (IceCv)
  3 oozes
  2 adder skeletons
  9 worms
  3 dart slugs
  10 leopard geckos
  127 orcs
  6 bats
  7 giant cockroaches
  11 goblins
  9 hobgoblins
  13 jackals
  5 quokkas
  2 ball pythons (Sewer)
  6 frilled lizards
  A giant cockroach zombie (D:5)
  A goblin skeleton (D:12)
  A goblin zombie (D:12)
  4 hobgoblin skeletons (D:12)
  3 hobgoblin zombies (D:12)
  A jackal zombie (D:5)
  11 kobolds
  A leopard gecko skeleton (D:6)
  3 orc skeletons (D:12)
  12 orc zombies (D:12)
  A quokka skeleton (D:8)
  A quokka zombie (D:9)
  8 rats
  3 bushes
  A fungus (Lair:6)
  22 plants
1115 creatures vanquished.

Vanquished Creatures (others)
  A deep elf knight (Elf:1)
  A wolf spider zombie (D:12)
  A centaur skeleton (D:15)
  A meliai (D:14)
  A hungry ghost (D:11)
  3 yaks (Lair:6)
  A water moccasin (D:14)
  2 orc warriors (Orc:2)
  2 ogres (Orc:2)
  A bullfrog (Lair:4)
  A gnoll sergeant (Bailey)
  An orc (Orc:2)
  An orc zombie (D:12)
  15 fungi
  30 plants
62 creatures vanquished.

Grand Total: 1177 creatures vanquished

Notes
Turn   | Place    | Note
-------+----------+-------------------------------------------
     0 | D:1      | Lanoc the Deep Elf Fire Elementalist began the quest for the Orb.
     0 | D:1      | Reached XP level 1. HP: 10/10 MP: 6/6
   200 | D:1      | Reached XP level 2. HP: 15/15 MP: 5/8
   980 | D:2      | Reached XP level 3. HP: 19/19 MP: 8/10
  1403 | D:2      | Reached XP level 4. HP: 24/24 MP: 8/11
  1481 | D:2      | Reached skill level 4 in Spellcasting
  1714 | D:3      | Reached skill level 5 in Fire Magic
  1714 | D:3      | Reached XP level 5. HP: 26/28 MP: 4/13
  1790 | D:3      | Learned a level 4 spell: Sticky Flame
  1899 | D:3      | Learned a level 5 spell: Fireball
  1959 | D:3      | Found a glowing drain.
  2058 | Sewer    | Entered a sewer
  2113 | Sewer    | Reached XP level 6. HP: 32/32 MP: 3/15
  2350 | Sewer    | Reached skill level 5 in Spellcasting
  2390 | Sewer    | Learned a level 3 spell: Inner Flame
  2881 | D:3      | Found an opulent altar of Gozag.
  3439 | D:4      | Got a twisted spear
  3442 | D:4      | Identified the +4 spear "Weczata" {distort, *Noise rElec rF+ Str+8} (You found it on level 4 of the Dungeon)
  3465 | D:4      | Found a staircase to the Ecumenical Temple.
  3481 | Temple   | Entered the Ecumenical Temple
  3548 | Temple   | Became a worshipper of Sif Muna the Loreminder
  3570 | D:4      | Got a fine leather armour
  3581 | D:4      | Identified the +1 leather armour of Courage {Int+8 Slay+2} (You found it on level 4 of the Dungeon)
  3705 | D:4      | Noticed letownia2's ghost (weakling GrFi)
  3783 | D:4      | Reached XP level 7. HP: 30/36 MP: 11/17
  3864 | D:4      | Got a warped whip
  4013 | D:5      | Entered Level 5 of the Dungeon
  4157 | D:5      | Found a radiant altar of Vehumet.
  4317 | D:5      | Found a bloodstained altar of Trog.
  4320 | D:5      | Found a shattered altar of Ashenzari.
  4323 | D:5      | Found a hide-covered altar of Uskayaw.
  4326 | D:5      | Found a stormy altar of Qazlal.
  4571 | D:5      | Reached skill level 6 in Spellcasting
  4890 | D:6      | Noticed Grinder
  4895 | D:6      | Killed Grinder
  4895 | D:6      | Reached * piety under Sif Muna
  4895 | D:6      | Reached skill level 5 in Conjurations
  4897 | D:6      | Reached XP level 8. HP: 27/41 MP: 6/20
  5506 | D:6      | Found a sparkling altar of Nemelex Xobeh.
  5627 | D:7      | Reached skill level 7 in Spellcasting
  5642 | D:7      | Reached ** piety under Sif Muna
  5812 | D:7      | Got a faintly glowing steel ring
  5821 | D:7      | Identified the ring "Guetzurph" {Ice Int+4} (You found it on level 7 of the Dungeon)
  5966 | D:7      | Reached skill level 8 in Spellcasting
  5998 | D:7      | Reached XP level 9. HP: 42/45 MP: 0/23
  6156 | D:6      | Learned a level 1 spell: Summon Butterflies
  6404 | D:7      | Reached skill level 10 in Fire Magic
  6406 | D:7      | Reached *** piety under Sif Muna
  6458 | D:7      | Reached skill level 9 in Spellcasting
  6728 | D:8      | Noticed a two-headed ogre
  6733 | D:8      | Killed a two-headed ogre
  6734 | D:8      | Noticed a two-headed ogre
  6865 | D:8      | Reached **** piety under Sif Muna
  6870 | D:7      | Reached XP level 10. HP: 37/50 MP: 6/25
  7030 | D:8      | Reached skill level 10 in Spellcasting
  7292 | D:8      | Killed a two-headed ogre
  7292 | D:8      | Reached ***** piety under Sif Muna
  7427 | D:8      | Got an iridescent quarterstaff {distort}
  7463 | D:8      | Found a staircase to the Lair.
  7849 | D:9      | Identified a scroll of acquirement
  7850 | D:9      | Found the +3 pair of gauntlets of War {Slay+5}
  7880 | D:9      | Found a bloodstained altar of Trog.
  7953 | D:9      | Found a shimmering altar of Xom.
  7954 | D:9      | Found a hazy altar of Hepliaklqana.
  7975 | D:9      | Noticed a two-headed ogre
  7987 | D:9      | Identified Sif Muna's Almanac of Sinister Rites and Confrontation (Sif Muna gifted it to you on level 9 of the Dungeon)
  7987 | D:9      | Received a gift from Sif Muna
  7987 | D:9      | Reached skill level 11 in Spellcasting
  8005 | D:9      | Killed a two-headed ogre
  8017 | D:9      | Learned a level 5 spell: Bolt of Magma
  8024 | D:9      | Learned a level 6 spell: Bolt of Fire
  8190 | D:9      | Noticed a two-headed ogre
  8197 | D:9      | Killed a two-headed ogre
  8197 | D:9      | Reached XP level 11. HP: 54/54 MP: 4/28
  8222 | D:9      | Found a flagged portal.
  8243 | Bailey   | Entered a bailey
  8245 | Bailey   | Reached skill level 10 in Conjurations
  8442 | Bailey   | Reached skill level 12 in Spellcasting
 10602 | D:10     | Entered Level 10 of the Dungeon
 10602 | D:10     | Found an opulent altar of Gozag.
 10608 | D:10     | Noticed a two-headed ogre
 10824 | D:10     | Noticed a two-headed ogre
 10826 | D:10     | Killed a two-headed ogre
 10958 | D:10     | Killed a two-headed ogre
 11117 | D:10     | Noticed Psyche
 11119 | D:10     | Killed Psyche
 11119 | D:10     | Reached skill level 13 in Spellcasting
 11666 | D:11     | Identified the Guide on Attacks
 11708 | D:11     | Learned a level 7 spell: Orb of Destruction
 11728 | D:11     | Found Liodylug's Magic Scroll Shoppe.
 11752 | D:11     | Received a gift from Sif Muna
 11931 | D:11     | Noticed a six-headed hydra
 11935 | D:11     | Killed a six-headed hydra
 11935 | D:11     | Reached skill level 5 in Dodging
 12049 | D:11     | Noticed a purple ugly thing
 12197 | D:11     | Killed a purple ugly thing
 12676 | D:11     | Reached XP level 12. HP: 59/59 MP: 20/31
 12729 | D:11     | You fall through a shaft for 3 floors!
 12737 | D:14     | Found a glowing silver altar of Zin.
 12737 | D:14     | Noticed an angel
 12751 | D:14     | Noticed a fire dragon
 12754 | D:14     | Killed a fire dragon
 12754 | D:14     | Reached skill level 14 in Spellcasting
 12936 | D:14     | Noticed a centaur warrior
 12938 | D:14     | Killed a centaur warrior
 13387 | D:14     | Learned a level 6 spell: Freezing Cloud
 13432 | D:14     | Reached skill level 1 in Ice Magic
 13721 | D:14     | Noticed a centaur warrior
 13724 | D:14     | Killed a centaur warrior
 13942 | D:14     | Noticed a two-headed ogre
 13945 | D:14     | Killed a two-headed ogre
 14315 | D:13     | Learned a level 1 spell: Animate Skeleton
 14325 | D:13     | Reached skill level 15 in Spellcasting
 14411 | D:13     | Received a gift from Sif Muna
 15057 | D:13     | Found a roughly hewn altar of Beogh.
 15181 | D:13     | Found a gate to the Vaults.
 15201 | D:13     | Found a white marble altar of Elyvilon.
 15216 | D:13     | Noticed a centaur warrior
 15220 | D:13     | Killed a centaur warrior
 15323 | D:13     | Noticed a two-headed ogre
 15329 | D:13     | Killed a two-headed ogre
 15329 | D:13     | Reached XP level 13. HP: 63/63 MP: 10/34
 15440 | D:13     | Found Pahats's Assorted Antiques.
 15580 | D:13     | Found a glowing silver altar of Zin.
 15769 | D:12     | Found a frozen archway.
 15780 | IceCv    | Entered an ice cave
 16055 | IceCv    | Reached skill level 5 in Ice Magic
 16331 | IceCv    | Got a slimy ring mail
 16342 | IceCv    | Identified the cursed +1 ring mail of Kopsa {rF- MR+++ rCorr Stlth+} (You found it in an ice cave)
 17053 | IceCv    | Found an ancient bone altar of Kikubaaqudgha.
 17262 | D:12     | Found a staircase to the Orcish Mines.
 17278 | D:12     | Identified Sif Muna's Grimoire of Battle Magic (Sif Muna gifted it to you on level 12 of the Dungeon)
 17278 | D:12     | Received a gift from Sif Muna
 17587 | D:12     | Reached skill level 10 in Dodging
 17815 | D:12     | Reached skill level 16 in Spellcasting
 18735 | D:12     | Found a radiant altar of Vehumet.
 19597 | D:14     | Identified the Handbook of Flames and Poison
 19628 | D:14     | Reached skill level 1 in Invocations
 19989 | D:14     | Received a gift from Sif Muna
 20094 | D:15     | Entered Level 15 of the Dungeon
 20104 | D:15     | Reached XP level 14. HP: 42/68 MP: 9/36
 22006 | Lair:1   | Entered Level 1 of the Lair of Beasts
 22431 | Lair:1   | Noticed Grum
 22434 | Lair:1   | Killed Grum
 22825 | Lair:1   | Noticed Erica
 22829 | Lair:1   | Killed Erica
 23234 | Lair:2   | Reached skill level 17 in Spellcasting
 23971 | Lair:2   | Reached skill level 5 in Invocations
 24121 | Lair:2   | Found a staircase to the Shoals.
 24542 | Lair:2   | Noticed Sonja
 24545 | Lair:2   | Killed Sonja
 24958 | Lair:3   | Noticed Fannar
 24962 | Lair:3   | Killed Fannar
 25220 | Lair:3   | Identified Sif Muna's Grimoire of Cloudy Confrontation (Sif Muna gifted it to you on level 3 of the Lair of Beasts)
 25220 | Lair:3   | Received a gift from Sif Muna
 25449 | Lair:3   | Got a faintly glowing cloak
 25455 | Lair:3   | Identified the +1 cloak "Loilolev" {Regen+ Str-4 Dex+5} (You acquired it on level 3 of the Lair of Beasts)
 25847 | Lair:4   | Found a staircase to the Snake Pit.
 25886 | Lair:4   | Identified the +7 whip of Wondrous Power {flame, Dex+5} (You found it on level 4 of the Dungeon)
 25930 | Lair:4   | Found a dark tunnel.
 25935 | Volcano  | Entered a volcano
 26580 | Volcano  | Found a bloodstained altar of Trog.
 27134 | Lair:4   | Reached XP level 15. HP: 72/72 MP: 1/38
 29127 | Lair:5   | Reached skill level 15 in Conjurations
 30467 | Lair:6   | Entered Level 6 of the Lair of Beasts
 31127 | Lair:6   | Found a staircase to the Slime Pits.
 31310 | Lair:6   | Identified the +3 quarterstaff of Makhleb's Supremacy {distort, Int-5 Dex+4} (You took it off a centaur on level 8 of the Dungeon)
 31371 | Lair:6   | Received a gift from Sif Muna
 31372 | Lair:6   | Identified Boarupaa's Handbook of the Rocks and the Snowflakes (Sif Muna gifted it to you on level 6 of the Lair of Beasts)
 32080 | Lair:6   | Reached skill level 18 in Spellcasting
 32552 | Lair:6   | Got a bloodstained executioner's axe
 32982 | Orc:1    | Entered Level 1 of the Orcish Mines
 33206 | Orc:1    | Noticed an orc warlord
 33212 | Orc:1    | Killed an orc warlord
 33366 | Orc:2    | Entered Level 2 of the Orcish Mines
 33383 | Orc:1    | Reached ****** piety under Sif Muna
 33898 | Orc:2    | Noticed an orc warlord
 33905 | Orc:2    | Killed an orc warlord
 34277 | Orc:2    | Found Wost's Magic Scroll Emporium.
 34280 | Orc:2    | Found a roughly hewn altar of Beogh.
 34299 | Orc:2    | Bought a scroll of identify for 26 gold pieces
 34299 | Orc:2    | Bought a scroll of identify for 26 gold pieces
 34300 | Orc:2    | Identified the +5 executioner's axe "Orb Guardian's Death" {drain, +Inv rF- Dex+2} (You found it on level 6 of the Lair of Beasts)
 34662 | Orc:2    | Found Tifin's Magic Scroll Shoppe.
 34799 | Orc:2    | Noticed an orc warlord
 34924 | Orc:2    | Killed an orc warlord
 34924 | Orc:2    | Reached XP level 16. HP: 76/76 MP: 9/40
 35110 | Orc:2    | Found a roughly hewn altar of Beogh.
 35127 | Orc:2    | Found Ogieg's Book Shoppe.
 35452 | Orc:2    | Found Nuopp's Antique Armour Emporium.
 35593 | Orc:2    | Bought a brightly glowing robe for 171 gold pieces
 35726 | Orc:2    | Identified the +3 robe "Awokkurr" {MR+} (You bought it in a shop on level 2 of the Orcish Mines)
 35799 | Orc:2    | Received a gift from Sif Muna
 35829 | Orc:2    | Learned a level 8 spell: Ignition
 35890 | Orc:2    | Found a staircase to the Elven Halls.
 36424 | Elf:1    | Entered Level 1 of the Elven Halls
 36712 | Elf:1    | Noticed Nikola
 36719 | Elf:1    | Killed Nikola
 38338 | D:15     | Found a staircase to the Depths.
 38549 | D:15     | Cast into level 3 of the Abyss (a distortion unwield)
 38655 | D:15     | Escaped the Abyss
 38910 | Snake:1  | Entered Level 1 of the Snake Pit
 39078 | Snake:1  | Found Goschi Naba's Jewellery Shoppe.
 39079 | Snake:1  | Found Joutustra's Gadget Shop.
 39080 | Snake:1  | Found Josmig's Jewellery Shoppe.
 39090 | Snake:1  | Bought an uncursed ring of magical power for 280 gold pieces
 39201 | Snake:1  | Noticed Agnes
 39204 | Snake:1  | Killed Agnes
 39401 | Snake:1  | Found a runed door.
 40409 | Snake:1  | Received a gift from Sif Muna
 40410 | Snake:1  | Identified Sif Muna's Compendium of the Blaze and Talismans (Sif Muna gifted it to you on level 1 of the Snake Pit)
 40532 | Snake:1  | Reached skill level 19 in Spellcasting
 40788 | Snake:1  | Reached skill level 10 in Ice Magic
 41500 | Snake:1  | Reached skill level 10 in Invocations
 41501 | Snake:1  | Reached XP level 17. HP: 64/80 MP: 25/42
 41732 | Snake:2  | Reached skill level 15 in Fire Magic
 42016 | Snake:2  | Noticed Vashnia
 42016 | Snake:2  | Shot with an arrow by Vashnia

Skill      XL: |  1  2  3  4  5  6  7  8  9 10 11 12 13 14 15 16 17 |
---------------+----------------------------------------------------+-----
Fire Magic     | 4 5 6 8 9 11 12 13 14 15 | 15.0
Conjurations   | 2 3 4 5 6 7 9 11 13 14 15 16 | 16.4
Spellcasting   | 4 5 6 8 9 11 13 15 16 17 18 19 | 19.2
Dodging        | 5 8 10 12 13 14 | 14.6
Ice Magic      | 4 7 8 10 | 10.3
Invocations    | 2 6 8 10 | 10.2
Stealth        | |  2.4

Action                   |  1- 3 |  4- 6 |  7- 9 | 10-12 | 13-15 | 16-18 || total
-------------------------+-------+-------+-------+-------+-------+-------++-------
Melee: Spear             |       |     2 |    30 |    64 |   324 |    49 ||   469
       Staff             |       |       |       |       |       |     5 ||     5
 Cast: Flame Tongue      |    75 |   137 |   116 |    49 |    12 |       ||   389
       Sticky Flame      |       |     2 |    19 |    48 |    20 |     1 ||    90
       Fireball          |       |       |    14 |    56 |    48 |     2 ||   120
       Inner Flame       |       |       |     1 |       |       |       ||     1
       Bolt of Fire      |       |       |       |   140 |   342 |   123 ||   605
       Summon Butterflie |       |       |       |     1 |       |       ||     1
       Bolt of Magma     |       |       |       |     2 |     4 |       ||     6
       Orb of Destructio |       |       |       |     2 |    86 |    33 ||   121
       Freezing Cloud    |       |       |       |       |     8 |       ||     8
       Ignition          |       |       |       |       |       |    24 ||    24
Evoke: Wand              |       |       |       |       |     1 |     1 ||     2
  Use: Scroll            |       |    13 |     1 |     8 |    14 |     5 ||    41
       Potion            |       |     2 |       |       |     9 |     6 ||    17
 Stab: Sleeping          |       |       |       |     1 |     2 |       ||     3
       Distracted        |       |       |       |       |     5 |     1 ||     6
  Eat: Chunk             |     1 |     8 |    11 |    29 |    38 |     8 ||    95
       Ration            |       |       |       |     2 |     7 |     5 ||    14
Armor: Robe              |     3 |     6 |       |       |       |       ||     9
       Leather armour    |       |       |    27 |    34 |    56 |    22 ||   139
Dodge: Dodged            |    11 |    22 |    47 |    91 |   289 |   102 ||   562
